[ AOE2 MATCH · #507284414 ]
UnrankedJapanese vs Chinese
Player's team · LOSS
Rival team · WIN
[ REPLAY ANALYSIS · EXTRACTED FROM THE RECORDED GAME ]
Feudal
8:55
Castle
—
Imperial
—
| APM avg | 57.5 |
| APM peak | 103 |
| eAPM avg | 25.9 |
| Villagers / military | 99 / 15 |
Focus
⚔️ 26.8% · 🌾 73.2%
Skirmisher ×10 · Militia ×5
Feudal
8:21
Castle
23:24
Imperial
—
| APM avg | 56.3 |
| APM peak | 90 |
| eAPM avg | 24.1 |
| Villagers / military | 55 / 22 |
Focus
⚔️ 37.1% · 🌾 62.9%
Archer ×20 · Spearman ×1 · Battering Ram ×1
Match map
Initial resources + every placement click. Lines = walls · curves = elevation contours. ◆ gold · ⬟ stone · ● berries · ✦ relic · ◌ wall gap
Your base· Open — unwalled flank
wisenatic's base· ✓ Closed at 23:24 · 17t walls · 2 gate(s)
Smoothed initial terrain · ◌ = detected wall gap · hover for details
Inputs per minute
— 新竹 - - wisenatic
Build order — 新竹
First 150 of 178 actions detected
| 0:00 | Queue | Villager (Male) |
| 0:01 | Queue | Villager (Male) |
| 0:01 | Queue | Villager (Male) |
| 0:02 | Build | House |
| 0:04 | Build | House |
| 0:17 | Queue | Villager (Male) |
| 0:17 | Queue | Villager (Male) |
| 1:27 | Queue | Villager (Male) |
| 1:27 | Queue | Villager (Male) |
| 1:59 | Queue | Villager (Male) |
| 1:59 | Queue | Villager (Male) |
| 2:14 | Queue | Villager (Male) |
| 2:14 | Queue | Villager (Male) |
| 2:27 | Build | Lumber Camp |
| 2:54 | Queue | Villager (Male) |
| 2:54 | Queue | Villager (Male) |
| 3:05 | Build | House |
| 3:12 | Queue | Villager (Male) |
| 3:12 | Queue | Villager (Male) |
| 3:42 | Queue | Villager (Male) |
| 3:42 | Queue | Villager (Male) |
| 3:51 | Queue | Villager (Male) |
| 3:58 | Queue | Villager (Male) |
| 3:59 | Queue | Villager (Male) |
| 4:27 | Queue | Villager (Male) |
| 4:27 | Queue | Villager (Male) |
| 5:06 | Build | Barracks |
| 5:17 | Queue | Villager (Male) |
| 5:34 | Queue | Villager (Male) |
| 5:35 | Queue | Villager (Male) |
| 5:35 | Queue | Villager (Male) |
| 5:35 | Queue | Villager (Male) |
| 5:54 | Research | Loom |
| 5:55 | Research | Loom |
| 5:59 | Build | House |
| 6:19 | Build | Mining Camp |
| 6:45 | Research | Feudal Age |
| 7:03 | Queue | Militia |
| 7:03 | Queue | Militia |
| 7:17 | Build | Mill |
| 7:31 | Queue | Militia |
| 7:31 | Queue | Militia |
| 8:38 | Build | Farm |
| 8:40 | Build | House |
| 8:50 | Build | House |
| 8:55 | Age | Feudal Age |
| 8:59 | Research | Man-at-Arms (upgrade) |
| 8:59 | Research | Man-at-Arms (upgrade) |
| 9:10 | Queue | Villager (Male) |
| 9:10 | Queue | Villager (Male) |
| 9:18 | Build | Watch Tower |
| 9:31 | Queue | Villager (Male) |
| 9:31 | Queue | Villager (Male) |
| 9:47 | Queue | Villager (Male) |
| 9:47 | Queue | Villager (Male) |
| 9:47 | Queue | Villager (Male) |
| 10:05 | Build | Mining Camp |
| 10:32 | Queue | Villager (Male) |
| 10:32 | Queue | Villager (Male) |
| 10:32 | Queue | Villager (Male) |
| 10:32 | Queue | Villager (Male) |
| 10:39 | Build | Palisade Wall |
| 10:54 | Queue | Villager (Male) |
| 10:54 | Queue | Villager (Male) |
| 10:54 | Queue | Villager (Male) |
| 11:08 | Research | Double-Bit Axe |
| 11:08 | Research | Double-Bit Axe |
| 11:08 | Research | Double-Bit Axe |
| 11:27 | Queue | Villager (Male) |
| 11:27 | Queue | Villager (Male) |
| 11:30 | Build | House |
| 11:32 | Build | Palisade Wall |
| 12:02 | Queue | Villager (Male) |
| 12:02 | Queue | Villager (Male) |
| 12:40 | Queue | Villager (Male) |
| 12:40 | Queue | Villager (Male) |
| 12:48 | Build | Watch Tower |
| 13:01 | Build | House |
| 13:02 | Build | House |
| 13:08 | Build | Farm |
| 13:17 | Queue | Villager (Male) |
| 13:17 | Queue | Villager (Male) |
| 13:17 | Queue | Villager (Male) |
| 13:23 | Queue | Villager (Male) |
| 13:23 | Queue | Villager (Male) |
| 13:23 | Queue | Villager (Male) |
| 13:35 | Build | Mill |
| 14:04 | Build | House |
| 14:10 | Build | Archery Range |
| 14:16 | Queue | Villager (Male) |
| 14:16 | Queue | Villager (Male) |
| 14:41 | Build | Farm |
| 14:44 | Queue | Skirmisher |
| 14:45 | Queue | Skirmisher |
| 14:55 | Build | Watch Tower |
| 14:59 | Queue | Skirmisher |
| 14:59 | Queue | Skirmisher |
| 15:02 | Queue | Villager (Male) |
| 15:02 | Queue | Villager (Male) |
| 15:02 | Queue | Villager (Male) |
| 15:27 | Build | House |
| 15:35 | Queue | Villager (Male) |
| 15:35 | Queue | Villager (Male) |
| 15:36 | Queue | Villager (Male) |
| 15:36 | Queue | Villager (Male) |
| 15:40 | Build | Blacksmith |
| 16:01 | Queue | Skirmisher |
| 16:02 | Queue | Skirmisher |
| 16:02 | Queue | Skirmisher |
| 16:30 | Build | Farm |
| 16:35 | Build | Farm |
| 16:44 | Research | Fletching |
| 16:44 | Research | Fletching |
| 16:45 | Queue | Villager (Male) |
| 16:45 | Queue | Villager (Male) |
| 16:46 | Queue | Villager (Male) |
| 17:02 | Queue | Militia |
| 17:34 | Queue | Villager (Male) |
| 17:34 | Queue | Villager (Male) |
| 17:34 | Queue | Villager (Male) |
| 17:37 | Build | Farm |
| 17:37 | Build | Farm |
| 17:39 | Build | Farm |
| 17:40 | Build | Farm |
| 17:40 | Queue | Villager (Male) |
| 17:41 | Queue | Villager (Male) |
| 17:41 | Queue | Villager (Male) |
| 17:52 | Queue | Skirmisher |
| 17:57 | Build | Watch Tower |
| 18:04 | Queue | Villager (Male) |
| 18:04 | Queue | Villager (Male) |
| 18:04 | Queue | Villager (Male) |
| 18:05 | Queue | Villager (Male) |
| 18:21 | Queue | Villager (Male) |
| 18:21 | Queue | Villager (Male) |
| 18:21 | Queue | Villager (Male) |
| 18:26 | Build | Watch Tower |
| 18:57 | Queue | Villager (Male) |
| 19:03 | Build | Lumber Camp |
| 19:14 | Build | Farm |
| 19:26 | Build | Watch Tower |
| 19:34 | Queue | Villager (Male) |
| 19:34 | Queue | Villager (Male) |
| 19:40 | Build | Farm |
| 19:49 | Queue | Villager (Male) |
| 19:49 | Queue | Villager (Male) |
| 20:02 | Queue | Villager (Male) |
| 20:39 | Queue | Villager (Male) |
| 20:39 | Queue | Villager (Male) |
| 20:55 | Queue | Skirmisher |
Build order — wisenatic
First 150 of 158 actions detected
| 0:02 | Research | Loom |
| 0:45 | Queue | Villager (Male) |
| 0:45 | Queue | Villager (Male) |
| 1:06 | Queue | Villager (Male) |
| 1:07 | Queue | Villager (Male) |
| 1:35 | Queue | Villager (Male) |
| 1:35 | Queue | Villager (Male) |
| 1:57 | Queue | Villager (Male) |
| 1:57 | Queue | Villager (Male) |
| 2:18 | Queue | Villager (Male) |
| 2:19 | Queue | Villager (Male) |
| 2:22 | Build | Mill |
| 2:47 | Queue | Villager (Male) |
| 2:48 | Queue | Villager (Male) |
| 3:01 | Queue | Villager (Male) |
| 3:02 | Queue | Villager (Male) |
| 3:29 | Build | House |
| 3:32 | Queue | Villager (Male) |
| 3:33 | Queue | Villager (Male) |
| 3:33 | Queue | Villager (Male) |
| 4:07 | Queue | Villager (Male) |
| 4:07 | Queue | Villager (Male) |
| 4:07 | Queue | Villager (Male) |
| 4:17 | Build | Palisade Gate |
| 5:03 | Build | Lumber Camp |
| 5:18 | Queue | Villager (Male) |
| 5:40 | Queue | Villager (Male) |
| 5:47 | Build | House |
| 6:11 | Research | Feudal Age |
| 6:11 | Research | Feudal Age |
| 6:11 | Research | Feudal Age |
| 7:22 | Build | Barracks |
| 8:02 | Queue | Villager (Male) |
| 8:12 | Build | Palisade Wall |
| 8:21 | Age | Feudal Age |
| 8:22 | Build | Archery Range |
| 8:38 | Build | Mining Camp |
| 8:44 | Queue | Villager (Male) |
| 8:46 | Queue | Spearman |
| 9:02 | Queue | Archer |
| 9:03 | Queue | Villager (Male) |
| 9:08 | Build | House |
| 9:23 | Queue | Villager (Male) |
| 9:30 | Build | Palisade Gate |
| 9:33 | Build | Palisade Gate |
| 9:55 | Build | Watch Tower |
| 10:01 | Queue | Archer |
| 10:01 | Queue | Archer |
| 10:02 | Queue | Villager (Male) |
| 10:12 | Build | Farm |
| 10:17 | Build | Farm |
| 10:18 | Build | Farm |
| 10:23 | Queue | Villager (Male) |
| 10:29 | Build | Farm |
| 10:35 | Build | House |
| 10:45 | Queue | Villager (Male) |
| 10:56 | Queue | Villager (Male) |
| 11:00 | Build | Farm |
| 11:01 | Research | Double-Bit Axe |
| 11:01 | Research | Double-Bit Axe |
| 11:23 | Queue | Archer |
| 11:27 | Queue | Villager (Male) |
| 11:41 | Queue | Villager (Male) |
| 11:50 | Build | Archery Range |
| 12:05 | Build | Palisade Wall |
| 12:08 | Build | House |
| 12:10 | Queue | Villager (Male) |
| 12:21 | Build | Palisade Wall |
| 12:23 | Build | Palisade Wall |
| 12:35 | Queue | Villager (Male) |
| 12:41 | Queue | Archer |
| 12:41 | Queue | Archer |
| 12:46 | Research | Horse Collar |
| 12:46 | Research | Horse Collar |
| 12:51 | Build | House |
| 13:03 | Build | House |
| 13:18 | Build | Mining Camp |
| 13:24 | Queue | Villager (Male) |
| 13:24 | Queue | Villager (Male) |
| 13:25 | Build | Farm |
| 13:29 | Queue | Archer |
| 13:41 | Build | Farm |
| 13:43 | Build | Farm |
| 14:02 | Queue | Archer |
| 14:04 | Queue | Villager (Male) |
| 14:11 | Build | House |
| 14:14 | Build | Farm |
| 14:21 | Queue | Villager (Male) |
| 14:33 | Build | Farm |
| 14:38 | Build | Palisade Wall |
| 14:41 | Queue | Archer |
| 14:42 | Queue | Villager (Male) |
| 14:45 | Build | Farm |
| 14:56 | Build | House |
| 15:18 | Queue | Villager (Male) |
| 15:25 | Queue | Archer |
| 15:35 | Build | Stone Wall |
| 15:36 | Build | Stone Wall |
| 15:44 | Build | Blacksmith |
| 15:45 | Queue | Villager (Male) |
| 16:09 | Queue | Villager (Male) |
| 16:14 | Queue | Archer |
| 16:14 | Queue | Archer |
| 16:19 | Build | Farm |
| 16:22 | Build | Farm |
| 16:33 | Research | Fletching |
| 16:33 | Queue | Villager (Male) |
| 16:36 | Build | Farm |
| 16:41 | Build | House |
| 16:51 | Build | Stone Wall |
| 17:00 | Queue | Archer |
| 17:01 | Queue | Villager (Male) |
| 17:14 | Build | Farm |
| 17:19 | Queue | Villager (Male) |
| 17:29 | Build | Lumber Camp |
| 17:40 | Build | Farm |
| 17:47 | Queue | Villager (Male) |
| 18:08 | Queue | Archer |
| 18:08 | Queue | Archer |
| 18:14 | Build | Watch Tower |
| 18:18 | Queue | Villager (Male) |
| 19:05 | Queue | Villager (Male) |
| 19:35 | Queue | Villager (Male) |
| 19:40 | Build | Mining Camp |
| 19:51 | Build | Market |
| 20:17 | Build | House |
| 20:19 | Build | House |
| 20:44 | Research | Castle Age |
| 20:44 | Research | Castle Age |
| 20:44 | Research | Castle Age |
| 21:19 | Build | Mill |
| 21:27 | Research | Gold Mining |
| 21:27 | Research | Gold Mining |
| 21:39 | Queue | Archer |
| 21:39 | Queue | Archer |
| 21:59 | Research | Padded Archer Armor |
| 22:24 | Queue | Villager (Male) |
| 22:44 | Build | Outpost |
| 23:04 | Queue | Archer |
| 23:11 | Queue | Villager (Male) |
| 23:24 | Age | Castle Age |
| 23:25 | Build | Siege Workshop |
| 23:27 | Research | Bodkin Arrow |
| 23:27 | Research | Crossbowman (upgrade) |
| 23:27 | Research | Crossbowman (upgrade) |
| 24:10 | Queue | Villager (Male) |
| 24:23 | Queue | Villager (Male) |
| 24:25 | Queue | Battering Ram |
| 24:27 | Queue | Villager (Male) |
| 24:28 | Queue | Villager (Male) |
Match timeline
| 5:06 | 新竹 · first_building Barracks |
| 7:22 | wisenatic · first_building Barracks |
| 8:12 | wisenatic · wall_segment Palisade Wall x1 |
| 8:21 | wisenatic · age_up feudal |
| 8:22 | wisenatic · first_building Archery Range |
| 8:55 | 新竹 · age_up feudal |
| 10:39 | 新竹 · wall_segment Palisade Wall x1 |
| 11:32 | 新竹 · wall_segment Palisade Wall x1 |
| 12:05 | wisenatic · wall_segment Palisade Wall x1 |
| 12:21 | wisenatic · wall_segment Palisade Wall x1 |
| 12:23 | wisenatic · wall_segment Palisade Wall x1 |
| 14:10 | 新竹 · first_building Archery Range |
| 14:38 | wisenatic · wall_segment Palisade Wall x1 |
| 15:35 | wisenatic · wall_segment Stone Wall x3 |
| 15:36 | wisenatic · wall_segment Stone Wall x4 |
| 16:51 | wisenatic · wall_segment Stone Wall x7 |
| 20:43 | wisenatic · first_market_buy 100 food |
| 20:43 | wisenatic · first_market_sell 100 wood |
| 23:24 | wisenatic · age_up castle |
| 23:25 | wisenatic · first_building Siege Workshop |
| 24:40 | wisenatic · first_building Monastery |
| 24:46 | wisenatic · first_building Stable |
| 24:59 | 新竹 · resign |
[ AI ANALYSIS · 1 CREDIT ]
What really happened in this match?
Wolo.gg analyzes every decision: build order, eco, micro, common mistakes by bracket. Personalized analysis on WhatsApp or Discord in 30 seconds.
Civ guide
Japanese
Perfil
Jugador #14547856